 Dungeon Crawl Stone Soup version 0.17.1-3-g152610e (webtiles) character file.

75 hannobal the Insei (level 4, -3/28 HPs)
             Began as an Octopode Transmuter on Apr 17, 2016.
             Slain by a gnoll (6 damage)
             ... on level 2 of the Dungeon.
             The game lasted 00:05:18 (1718 turns).

hannobal the Insei (Octopode Transmuter)            Turns: 1718, Time: 00:05:18

Health: -3/28      AC:  1    Str:  9    XL:     4   Next: 31%
Magic:  5/7        EV: 12    Int: 15    God:
Gold:   44         SH:  0    Dex: 13    Spells: 1 memorised, 6 levels left

rFire  . . .     SeeInvis .       - Unarmed
rCold  . . .     Clarity  .     (no shield)
rNeg   . . .     SustAt   .     (helmet restricted)
rPois  .         Gourm    .     (no amulet)
rElec  .         Spirit   .     j - ring of stealth
rCorr  .         Warding  .     (no ring)
rMut   .         Stasis   .     (no ring)
MR     .....                    (no ring)
Stlth  +++.......               (no ring)
                                (no ring)
                                (no ring)
                                (no ring)

@: appendage, very slightly contaminated, not resistant to hostile enchantments,
fairly stealthy
A: almost no armour, amphibious, 8 rings, constrict 8, tentacle spike 3,
camouflage 1, gelatinous body 1
a: End Transformation


You were on level 2 of the Dungeon.
You were not hungry.
One of your tentacles had a temporary spike.
You visited 1 branch of the dungeon, and saw 2 of its levels.

You collected 44 gold pieces.

Inventory:

Hand Weapons
 b - a +0 hunting sling
 i - a +2 spear of piercing
Missiles
 a - 28 arrows
 d - 17 bolts
 e - 5 sling bullets
 h - 34 stones (quivered)
Jewellery
 j - a ring of stealth (left tentacle)
Scrolls
 g - a scroll of identify
Books
 k - a book of Changes

   Spells                             Type                      Level
   a - Beastly Appendage              Transmutation                1
   b - Sticks to Snakes               Transmutation                2
   c - Spider Form                    Transmutation/Poison         3
   d - Ice Form                       Ice/Transmutation            4
   e - Blade Hands                    Transmutation                5
Comestibles
 c - a bread ration
 f - 2 chunks of flesh


   Skills:
 - Level 1.0 Fighting
 + Level 0.4 Slings
 - Level 2.0 Dodging
 + Level 4.9 Unarmed Combat
 - Level 2.0 Spellcasting
 - Level 2.0 Transmutations


You had 6 spell levels left.
You knew the following spells:

 Your Spells              Type           Power        Failure   Level  Hunger
a - Beastly Appendage     Trmt           #.....       12%         1    #......


Dungeon Overview and Level Annotations

Branches:
Dungeon (2/15)

Altars:


Innate Abilities, Weirdness & Mutations

You cannot wear most types of armour.
You are amphibious.
You can wear up to eight rings at the same time.
You can use your tentacles to constrict eight enemies at once.
Your skin changes colour to match your surroundings (Stealth).
Your rubbery body absorbs attacks (AC +1).
One of your tentacles bears a large vicious spike.


Message History

You constrict the gnoll.
You kill the gnoll!
Casting: Beastly Appendage
Confirm with . or Enter, or press ? or * to list all spells.
You miscast Beastly Appendage.
You are very lightly contaminated with residual magic.
You smell something strange.
Casting: Beastly Appendage
Confirm with . or Enter, or press ? or * to list all spells.
You extend your transformation's duration.
You see here a club.
You barely miss the gnoll.
The gnoll shouts!
You grab the gnoll.
You pierce the gnoll, but do no damage.
You constrict the gnoll. The gnoll hits you!
* * * LOW HITPOINT WARNING * * *
You tentacle-slap the gnoll.
The gnoll is moderately wounded.
You constrict the gnoll. The gnoll hits you.
You die...

..# #.....#
#########.#
#......#
#.#
#......#
#.#
#......#
#.#
########
#.#


You could see a gnoll.

Vanquished Creatures
  An adder (D:2)
  3 gnolls (D:2)
  An ooze (D:1)
  A worm (D:2)
  A giant gecko (D:2)
  3 ball pythons (D:1)
  6 bats (D:1)
  3 giant cockroaches (D:1)
  2 goblins (D:1)
  2 hobgoblins (D:1)
  3 kobolds (D:1)
  5 rats (D:1)
31 creatures vanquished.

Notes
Turn   | Place    | Note
--------------------------------------------------------------
     0 | D:1      | hannobal the Octopode Transmuter began the quest for the Orb.
     0 | D:1      | Reached XP level 1. HP: 13/13 MP: 3/3
   414 | D:1      | Reached XP level 2. HP: 15/18 MP: 5/5
   690 | D:1      | Reached skill level 4 in Unarmed Combat
   790 | D:1      | Reached XP level 3. HP: 23/23 MP: 6/6
  1692 | D:2      | Reached XP level 4. HP: 20/28 MP: 7/7
  1718 | D:2      | Slain by a gnoll

Action                   |  1- 3 |  4- 6 || total
-------------------------+-------+-------++-------
Melee: Unarmed           |    68 |     7 ||    75
 Fire: Hunting sling     |    12 |       ||    12
Throw: Stone             |     1 |       ||     1
 Cast: Beastly Appendage |       |     3 ||     3
  Use: Scroll            |     5 |       ||     5
       Potion            |     2 |       ||     2
 Stab: Sleeping          |     5 |       ||     5
  Eat: Bread ration      |     1 |       ||     1
       Chunk             |     1 |       ||     1
